[ AOE2 MATCH · #481425844 ]
UnrankedBohemians vs Spanish
[ REPLAY ANALYSIS · EXTRACTED FROM THE RECORDED GAME ]
Feudal
12:38
Castle
16:34
Imperial
36:04
| APM avg | 12.3 |
| APM peak | 28 |
| eAPM avg | 10.8 |
| Villagers / military | 108 / 207 |
Focus
⚔️ 35.1% · 🌾 64.9%
Spearman ×198 · Battering Ram ×6 · Petard ×1 · Mangonel ×1 · Hussite Wagon ×1
Feudal
11:28
Castle
15:55
Imperial
—
| APM avg | 26.1 |
| APM peak | 56 |
| eAPM avg | 19.2 |
| Villagers / military | 146 / 77 |
Focus
⚔️ 36.0% · 🌾 64.0%
Monaspa ×66 · Spearman ×7 · Petard ×4
Feudal
11:46
Castle
15:16
Imperial
38:06
| APM avg | 16.9 |
| APM peak | 40 |
| eAPM avg | 12.1 |
| Villagers / military | 93 / 182 |
Focus
⚔️ 32.0% · 🌾 68.0%
Spearman ×143 · Conquistador ×18 · Unknown (882) ×15 · Bombard Cannon ×14 · Battering Ram ×5 · Petard ×2
Feudal
12:07
Castle
15:44
Imperial
32:34
| APM avg | 43.4 |
| APM peak | 91 |
| eAPM avg | 29.3 |
| Villagers / military | 120 / 216 |
Focus
⚔️ 16.7% · 🌾 83.3%
Knight ×185 · Scout Cavalry ×29 · Trebuchet (Packed) ×2
Feudal
11:56
Castle
15:29
Imperial
31:56
| APM avg | 19.8 |
| APM peak | 55 |
| eAPM avg | 13.0 |
| Villagers / military | 121 / 306 |
Focus
⚔️ 26.9% · 🌾 73.1%
Knight ×288 · Bombard Cannon ×18
Feudal
8:38
Castle
25:42
Imperial
—
| APM avg | 15.6 |
| APM peak | 56 |
| eAPM avg | 10.3 |
| Villagers / military | 93 / 87 |
Focus
⚔️ 20.7% · 🌾 79.3%
Spearman ×68 · Teutonic Knight ×11 · Battering Ram ×5 · Mangonel ×3 · Unknown (1105) ×1
Feudal
10:06
Castle
14:16
Imperial
35:32
| APM avg | 31.6 |
| APM peak | 74 |
| eAPM avg | 18.6 |
| Villagers / military | 133 / 61 |
Focus
⚔️ 30.1% · 🌾 69.9%
Genoese Crossbowman ×49 · Unknown (882) ×38 · Bombard Cannon ×7 · Mangonel ×3 · Trebuchet (Packed) ×2
Feudal
10:52
Castle
15:17
Imperial
43:34
| APM avg | 14.0 |
| APM peak | 31 |
| eAPM avg | 9.8 |
| Villagers / military | 97 / 58 |
Focus
⚔️ 31.3% · 🌾 68.7%
Trade Cart ×33 · Tarkan ×27 · Battering Ram ×15 · Knight ×7 · Militia ×6 · Trebuchet (Packed) ×2
Match map
Initial resources + every placement click. Lines = walls · curves = elevation contours. ◆ gold · ⬟ stone · ● berries · ✦ relic · ◌ wall gap
Your base· ✓ Closed at 16:34 · 0t walls · 3 gate(s)
BS | DESTRAKER's base· ✓ Closed at 15:55 · 0t walls · 3 gate(s)
stanny's base· ✓ Closed at 15:16 · 0t walls · 2 gate(s)
Peak's base· ✓ Closed at 15:44 · 0t walls · 2 gate(s)
Weolex's base· ✓ Closed at 15:29 · 0t walls · 3 gate(s)
Haniek!!'s base· ✓ Closed at 25:42 · 13t walls · 2 gate(s)
berpite7's base· ✓ Closed at 14:16 · 0t walls · 3 gate(s)
歪瑞古德's base· ✓ Closed at 15:17 · 0t walls · 2 gate(s)
Smoothed initial terrain · ◌ = detected wall gap · hover for details
Inputs per minute
— Logy - - BS | DESTRAKER
Build order — Logy
First 150 of 274 actions detected
| 0:02 | Create | Villager (Male) |
| 0:03 | Create | Villager (Male) |
| 0:03 | Create | Villager (Male) |
| 0:03 | Create | Villager (Male) |
| 0:05 | Build | House |
| 0:06 | Build | House |
| 1:21 | Create | Villager (Male) |
| 1:22 | Create | Villager (Male) |
| 1:47 | Create | Villager (Male) |
| 1:48 | Create | Villager (Male) |
| 2:09 | Create | Villager (Male) |
| 2:09 | Create | Villager (Male) |
| 2:21 | Build | Lumber Camp |
| 2:30 | Create | Villager (Male) |
| 2:31 | Create | Villager (Male) |
| 3:04 | Create | Villager (Male) |
| 3:17 | Create | Villager (Male) |
| 3:46 | Create | Villager (Male) |
| 3:46 | Create | Villager (Male) |
| 3:55 | Build | Mill |
| 4:20 | Build | House |
| 4:32 | Research | Loom |
| 4:35 | Create | Villager (Male) |
| 4:35 | Create | Villager (Male) |
| 4:46 | Create | Villager (Male) |
| 4:46 | Create | Villager (Male) |
| 5:13 | Build | Mining Camp |
| 5:17 | Create | Villager (Male) |
| 5:18 | Create | Villager (Male) |
| 5:45 | Build | House |
| 5:53 | Create | Villager (Male) |
| 5:53 | Create | Villager (Male) |
| 5:53 | Create | Villager (Male) |
| 6:08 | Create | Villager (Male) |
| 6:09 | Create | Villager (Male) |
| 6:27 | Create | Villager (Male) |
| 6:27 | Create | Villager (Male) |
| 6:54 | Build | Lumber Camp |
| 6:59 | Create | Villager (Male) |
| 6:59 | Create | Villager (Male) |
| 6:59 | Create | Villager (Male) |
| 7:08 | Build | House |
| 7:31 | Create | Villager (Male) |
| 7:32 | Create | Villager (Male) |
| 7:32 | Create | Villager (Male) |
| 8:25 | Build | Farm |
| 9:06 | Create | Villager (Male) |
| 9:06 | Create | Villager (Male) |
| 9:18 | Build | Farm |
| 9:42 | Build | Farm |
| 10:09 | Build | Farm |
| 10:28 | Research | Feudal Age |
| 10:54 | Create | Villager (Male) |
| 10:54 | Create | Villager (Male) |
| 11:03 | Build | House |
| 11:05 | Build | House |
| 11:07 | Build | House |
| 12:38 | Age | Feudal Age |
| 12:43 | Build | Market |
| 12:51 | Build | Blacksmith |
| 12:59 | Build | Mill |
| 13:07 | Build | Mining Camp |
| 13:22 | Build | Barracks |
| 13:54 | Research | Castle Age |
| 14:24 | Research | Double-Bit Axe |
| 15:09 | Build | Barracks |
| 15:30 | Research | Horse Collar |
| 15:33 | Research | Wheelbarrow |
| 16:23 | Build | Farm |
| 16:23 | Build | Farm |
| 16:24 | Build | Farm |
| 16:26 | Build | Farm |
| 16:34 | Age | Castle Age |
| 16:43 | Build | Town Center |
| 16:58 | Build | Town Center |
| 17:03 | Create | Villager (Male) |
| 17:04 | Create | Villager (Male) |
| 17:09 | Research | Scale Mail Armor |
| 17:09 | Research | Forging |
| 17:16 | Create | Spearman |
| 17:16 | Create | Spearman |
| 17:40 | Create | Villager (Male) |
| 17:41 | Create | Villager (Male) |
| 17:41 | Create | Villager (Male) |
| 18:17 | Research | Bow Saw |
| 18:37 | Create | Spearman |
| 19:25 | Build | Siege Workshop |
| 19:38 | Create | Villager (Male) |
| 19:39 | Create | Villager (Male) |
| 19:39 | Create | Villager (Male) |
| 19:39 | Create | Villager (Male) |
| 19:39 | Create | Villager (Male) |
| 20:16 | Create | Battering Ram |
| 20:24 | Research | Pikeman (upgrade) |
| 20:51 | Build | Farm |
| 20:53 | Build | Farm |
| 22:03 | Build | Castle |
| 22:11 | Research | Hand Cart |
| 22:34 | Create | Villager (Male) |
| 22:51 | Create | Villager (Male) |
| 23:42 | Create | Spearman |
| 23:43 | Create | Spearman |
| 23:43 | Create | Spearman |
| 23:43 | Create | Spearman |
| 24:34 | Research | Chain Mail Armor |
| 24:39 | Create | Villager (Male) ×2 |
| 25:07 | Research | Squires |
| 25:09 | Create | Spearman |
| 25:31 | Create | Mangonel |
| 25:34 | Create | Villager (Male) |
| 25:34 | Create | Villager (Male) |
| 25:35 | Create | Villager (Male) |
| 25:54 | Create | Petard |
| 27:37 | Build | Castle |
| 28:16 | Create | Battering Ram |
| 28:17 | Create | Battering Ram |
| 28:17 | Create | Battering Ram |
| 28:21 | Create | Battering Ram |
| 28:21 | Create | Battering Ram |
| 28:32 | Create | Spearman |
| 28:32 | Create | Spearman |
| 28:32 | Create | Spearman |
| 28:32 | Create | Spearman |
| 28:43 | Create | Villager (Male) |
| 28:43 | Create | Villager (Male) |
| 30:28 | Create | Hussite Wagon |
| 31:28 | Build | Town Center |
| 31:36 | Create | Villager (Male) |
| 31:36 | Create | Villager (Male) |
| 31:36 | Create | Villager (Male) |
| 31:39 | Create | Villager (Male) |
| 31:39 | Create | Villager (Male) |
| 31:39 | Create | Villager (Male) |
| 31:47 | Build | Mining Camp |
| 32:36 | Research | Imperial Age |
| 32:58 | Create | Villager (Male) |
| 33:04 | Build | Farm |
| 33:04 | Build | Farm |
| 33:06 | Build | Farm |
| 33:14 | Build | Farm |
| 33:18 | Build | Farm |
| 33:21 | Build | Farm |
| 33:23 | Research | Heavy Plow |
| 34:07 | Build | Farm |
| 34:13 | Create | Villager (Male) ×4 |
| 34:14 | Create | Villager (Male) ×4 |
| 34:20 | Build | Farm |
| 34:21 | Build | Farm |
| 34:26 | Build | Farm |
| 34:31 | Build | Farm |
Build order — BS | DESTRAKER
First 150 of 373 actions detected
| 0:01 | Create | Villager (Male) |
| 0:02 | Create | Villager (Male) |
| 0:02 | Create | Villager (Male) |
| 0:02 | Create | Villager (Male) |
| 0:05 | Build | House |
| 0:08 | Build | House |
| 1:45 | Create | Villager (Male) |
| 1:45 | Create | Villager (Male) |
| 2:09 | Create | Villager (Male) |
| 2:34 | Create | Villager (Male) |
| 3:02 | Create | Villager (Male) |
| 3:03 | Create | Villager (Male) |
| 3:03 | Create | Villager (Male) |
| 3:36 | Build | House |
| 3:41 | Create | Villager (Male) |
| 4:10 | Create | Villager (Male) |
| 4:37 | Create | Villager (Male) |
| 4:37 | Create | Villager (Male) |
| 4:59 | Create | Villager (Male) |
| 5:00 | Research | Loom |
| 5:26 | Build | House |
| 5:31 | Build | Mill |
| 5:55 | Create | Villager (Male) |
| 6:06 | Build | Mill |
| 6:11 | Create | Villager (Male) |
| 6:25 | Create | Villager (Male) |
| 7:06 | Create | Villager (Male) |
| 7:34 | Create | Villager (Male) |
| 7:48 | Build | House |
| 8:01 | Create | Villager (Male) |
| 8:19 | Create | Villager (Male) |
| 8:35 | Build | Mule Cart |
| 8:45 | Create | Villager (Male) |
| 8:47 | Research | Feudal Age |
| 10:18 | Create | Villager (Male) |
| 10:19 | Create | Villager (Male) |
| 11:28 | Age | Feudal Age |
| 11:30 | Build | Market |
| 11:37 | Research | Double-Bit Axe |
| 11:44 | Create | Villager (Male) |
| 12:16 | Build | Blacksmith |
| 12:20 | Build | House |
| 12:22 | Create | Villager (Male) |
| 12:43 | Create | Villager (Male) |
| 13:15 | Research | Castle Age |
| 13:16 | Research | Castle Age |
| 13:43 | Research | Gold Mining |
| 13:48 | Research | Horse Collar |
| 13:52 | Build | House |
| 14:05 | Research | Stone Mining |
| 15:18 | Create | Villager (Male) |
| 15:18 | Create | Villager (Male) |
| 15:42 | Create | Villager (Male) |
| 15:55 | Age | Castle Age |
| 16:08 | Build | Town Center |
| 16:19 | Build | Town Center |
| 16:32 | Build | Farm |
| 16:32 | Create | Villager (Male) |
| 17:11 | Build | Stone Wall |
| 17:15 | Build | Stone Wall |
| 17:18 | Research | Bow Saw |
| 17:19 | Create | Villager (Male) |
| 17:33 | Build | Stone Wall |
| 17:34 | Build | Stone Wall |
| 17:39 | Create | Villager (Male) |
| 17:40 | Create | Villager (Male) |
| 17:58 | Build | Farm |
| 17:58 | Build | Farm |
| 17:58 | Build | Farm |
| 17:58 | Build | Farm |
| 17:59 | Build | Farm |
| 17:59 | Build | Farm |
| 18:03 | Build | Farm |
| 18:06 | Create | Villager (Male) |
| 18:06 | Create | Villager (Male) |
| 18:06 | Create | Villager (Male) |
| 18:11 | Build | Farm |
| 18:58 | Create | Villager (Male) |
| 19:14 | Create | Villager (Male) |
| 19:22 | Build | Farm |
| 19:28 | Build | Farm |
| 19:37 | Build | Farm |
| 19:37 | Build | Farm |
| 19:38 | Build | Farm |
| 19:38 | Build | Farm |
| 19:38 | Build | Farm |
| 19:38 | Build | Farm |
| 20:03 | Create | Villager (Male) |
| 20:03 | Create | Villager (Male) |
| 20:06 | Create | Villager (Male) |
| 20:08 | Build | Farm |
| 20:16 | Build | Farm |
| 20:17 | Build | Farm |
| 20:17 | Build | Farm |
| 20:17 | Build | Farm |
| 20:17 | Build | Farm |
| 20:46 | Build | House |
| 20:48 | Build | House |
| 20:51 | Create | Villager (Male) |
| 20:51 | Create | Villager (Male) |
| 20:57 | Build | House |
| 21:01 | Build | House |
| 21:37 | Build | Castle |
| 21:46 | Build | House |
| 21:59 | Build | Palisade Wall |
| 22:03 | Build | House |
| 22:46 | Create | Monaspa |
| 22:46 | Create | Monaspa |
| 23:16 | Create | Monaspa |
| 23:16 | Create | Monaspa |
| 23:43 | Create | Monaspa |
| 23:43 | Create | Monaspa |
| 23:58 | Create | Villager (Male) |
| 24:04 | Build | Farm |
| 24:27 | Build | Castle |
| 24:31 | Build | House |
| 24:36 | Build | House |
| 25:08 | Create | Monaspa |
| 25:08 | Create | Monaspa |
| 25:13 | Create | Villager (Male) |
| 25:13 | Create | Villager (Male) |
| 25:13 | Create | Villager (Male) |
| 26:00 | Build | University |
| 26:49 | Create | Villager (Male) |
| 26:49 | Create | Villager (Male) |
| 26:52 | Create | Villager (Male) |
| 26:52 | Create | Villager (Male) |
| 26:56 | Create | Villager (Male) |
| 26:56 | Create | Villager (Male) |
| 27:16 | Build | Town Center |
| 27:30 | Create | Villager (Male) |
| 27:30 | Create | Villager (Male) |
| 27:40 | Create | Villager (Male) |
| 27:45 | Build | Farm |
| 28:08 | Build | Farm |
| 28:08 | Build | Farm |
| 28:08 | Build | Farm |
| 28:08 | Build | Farm |
| 28:09 | Build | Farm |
| 28:09 | Build | Farm |
| 28:09 | Build | Farm |
| 28:09 | Build | Farm |
| 28:10 | Build | Farm |
| 28:10 | Build | Farm |
| 28:10 | Build | Farm |
| 28:13 | Create | Villager (Male) |
| 28:13 | Create | Villager (Male) |
| 28:14 | Create | Villager (Male) |
| 28:18 | Build | Farm |
| 28:42 | Create | Villager (Male) |
Build order — stanny
First 150 of 262 actions detected
| 0:02 | Create | Villager (Male) |
| 0:02 | Create | Villager (Male) |
| 0:02 | Create | Villager (Male) |
| 0:02 | Create | Villager (Male) |
| 0:04 | Build | House |
| 0:06 | Build | House |
| 1:24 | Create | Villager (Male) |
| 1:47 | Build | Lumber Camp |
| 1:52 | Create | Villager (Male) |
| 2:33 | Create | Villager (Male) |
| 2:33 | Create | Villager (Male) |
| 2:58 | Create | Villager (Male) |
| 2:58 | Create | Villager (Male) |
| 3:08 | Create | Villager (Male) |
| 3:08 | Create | Villager (Male) |
| 3:59 | Build | House |
| 4:01 | Build | House |
| 4:10 | Create | Villager (Male) |
| 4:11 | Create | Villager (Male) |
| 4:22 | Create | Villager (Male) |
| 4:23 | Create | Villager (Male) |
| 4:28 | Build | Mill |
| 4:56 | Create | Villager (Male) |
| 4:56 | Create | Villager (Male) |
| 5:19 | Create | Villager (Male) |
| 5:20 | Create | Villager (Male) |
| 5:20 | Create | Villager (Male) |
| 6:04 | Create | Villager (Male) |
| 6:04 | Create | Villager (Male) |
| 6:37 | Create | Villager (Male) |
| 6:37 | Create | Villager (Male) |
| 6:37 | Create | Villager (Male) |
| 7:19 | Create | Villager (Male) |
| 7:50 | Build | House |
| 8:01 | Build | Farm |
| 8:02 | Build | Farm |
| 8:04 | Build | Farm |
| 8:28 | Build | Mining Camp |
| 8:31 | Create | Villager (Male) |
| 9:07 | Create | Villager (Male) |
| 9:23 | Build | Mining Camp |
| 9:31 | Research | Feudal Age |
| 10:13 | Create | Villager (Male) |
| 10:14 | Create | Villager (Male) |
| 11:22 | Build | Farm |
| 11:46 | Age | Feudal Age |
| 11:49 | Build | Market |
| 11:56 | Build | Blacksmith |
| 12:08 | Build | Farm |
| 12:31 | Research | Castle Age |
| 12:46 | Build | Farm |
| 13:02 | Research | Double-Bit Axe |
| 13:22 | Research | Horse Collar |
| 13:34 | Research | Loom |
| 13:46 | Build | House |
| 13:47 | Build | House |
| 15:16 | Age | Castle Age |
| 15:28 | Create | Villager (Male) |
| 15:28 | Create | Villager (Male) |
| 16:00 | Build | Castle |
| 16:16 | Create | Villager (Male) |
| 16:16 | Create | Villager (Male) |
| 16:21 | Build | Farm |
| 16:24 | Build | Farm |
| 16:44 | Build | Mining Camp |
| 17:00 | Create | Villager (Male) |
| 17:03 | Create | Conquistador ×3 |
| 17:43 | Create | Villager (Male) |
| 17:43 | Create | Villager (Male) |
| 17:43 | Create | Villager (Male) |
| 17:50 | Build | Siege Workshop |
| 18:07 | Create | Conquistador |
| 18:19 | Create | Villager (Male) |
| 18:47 | Create | Petard |
| 19:09 | Create | Petard |
| 19:25 | Create | Conquistador |
| 19:37 | Build | Farm |
| 19:38 | Build | Farm |
| 19:39 | Build | Farm |
| 19:40 | Build | Farm |
| 19:42 | Build | Farm |
| 20:14 | Create | Villager (Male) |
| 20:15 | Create | Villager (Male) |
| 20:55 | Create | Villager (Male) |
| 20:56 | Create | Villager (Male) |
| 20:56 | Create | Villager (Male) |
| 21:41 | Create | Villager (Male) |
| 21:41 | Create | Villager (Male) |
| 21:41 | Create | Villager (Male) |
| 21:41 | Create | Villager (Male) |
| 22:25 | Create | Conquistador |
| 22:25 | Create | Conquistador |
| 22:25 | Create | Conquistador |
| 22:36 | Create | Battering Ram |
| 22:36 | Create | Battering Ram |
| 22:41 | Create | Battering Ram |
| 22:43 | Create | Villager (Male) |
| 22:43 | Create | Villager (Male) |
| 22:43 | Create | Villager (Male) |
| 22:48 | Build | Barracks |
| 23:07 | Create | Villager (Male) |
| 23:07 | Create | Villager (Male) |
| 23:08 | Build | Farm |
| 23:50 | Research | Pikeman (upgrade) |
| 24:12 | Build | House |
| 24:13 | Build | House |
| 24:13 | Build | House |
| 24:21 | Build | Gate |
| 24:30 | Research | Squires |
| 24:41 | Create | Villager (Male) |
| 24:41 | Create | Villager (Male) |
| 24:50 | Build | Gate |
| 25:53 | Create | Battering Ram |
| 25:53 | Create | Battering Ram |
| 26:18 | Create | Spearman ×4 |
| 26:18 | Create | Spearman ×4 |
| 27:02 | Build | University |
| 27:11 | Create | Conquistador ×5 |
| 27:35 | Research | Murder Holes |
| 27:39 | Build | House |
| 27:40 | Build | House |
| 27:41 | Build | House |
| 27:42 | Build | House |
| 28:41 | Create | Villager (Male) |
| 28:41 | Create | Villager (Male) |
| 28:41 | Create | Villager (Male) |
| 29:00 | Create | Villager (Male) |
| 29:21 | Create | Spearman |
| 29:22 | Create | Spearman |
| 29:22 | Create | Spearman |
| 29:22 | Create | Spearman |
| 29:23 | Create | Spearman |
| 29:30 | Create | Spearman |
| 29:30 | Create | Spearman |
| 29:43 | Build | House |
| 29:44 | Build | House |
| 29:53 | Create | Villager (Male) |
| 29:53 | Create | Villager (Male) |
| 30:32 | Create | Villager (Male) |
| 30:32 | Create | Villager (Male) |
| 30:33 | Create | Villager (Male) |
| 30:33 | Create | Villager (Male) |
| 30:41 | Build | Town Center |
| 30:48 | Create | Villager (Male) |
| 30:49 | Create | Villager (Male) |
| 31:06 | Create | Villager (Male) |
| 31:07 | Create | Villager (Male) |
| 32:12 | Create | Villager (Male) |
| 32:12 | Create | Villager (Male) |
| 32:12 | Create | Villager (Male) |
Build order — Peak
First 150 of 406 actions detected
| 0:01 | Create | Villager (Male) |
| 0:03 | Build | House |
| 0:05 | Build | House |
| 0:27 | Create | Villager (Male) |
| 0:32 | Create | Villager (Male) |
| 0:45 | Create | Villager (Male) |
| 1:34 | Create | Villager (Male) |
| 1:48 | Build | Lumber Camp |
| 2:02 | Create | Villager (Male) |
| 2:25 | Create | Villager (Male) |
| 2:55 | Create | Villager (Male) |
| 3:01 | Create | Villager (Male) |
| 3:26 | Build | House |
| 3:35 | Create | Villager (Male) |
| 4:11 | Create | Villager (Male) |
| 4:21 | Build | Mill |
| 4:34 | Create | Villager (Male) |
| 5:15 | Create | Villager (Male) |
| 5:40 | Create | Villager (Male) |
| 5:40 | Create | Villager (Male) |
| 6:11 | Create | Villager (Male) |
| 6:36 | Create | Villager (Male) |
| 6:37 | Create | Villager (Male) |
| 6:37 | Create | Villager (Male) |
| 7:16 | Build | House |
| 7:21 | Create | Villager (Male) |
| 7:28 | Create | Villager (Male) |
| 7:59 | Build | Mill |
| 8:03 | Create | Villager (Male) |
| 8:08 | Create | Villager (Male) |
| 8:20 | Create | Villager (Male) |
| 8:35 | Create | Villager (Male) |
| 8:49 | Create | Villager (Male) |
| 9:12 | Build | Mining Camp |
| 9:21 | Build | Farm |
| 9:24 | Build | Farm |
| 9:27 | Build | Farm |
| 9:49 | Research | Feudal Age |
| 10:21 | Build | Farm |
| 10:24 | Build | Farm |
| 11:13 | Create | Villager (Male) |
| 11:15 | Create | Villager (Male) |
| 12:07 | Age | Feudal Age |
| 12:13 | Build | Market |
| 12:17 | Build | Blacksmith |
| 13:04 | Research | Castle Age |
| 13:08 | Build | Farm |
| 13:09 | Build | Farm |
| 13:10 | Build | Farm |
| 13:27 | Build | Farm |
| 13:30 | Build | Farm |
| 13:33 | Build | Farm |
| 13:35 | Build | Farm |
| 14:25 | Build | Barracks |
| 15:02 | Research | Double-Bit Axe |
| 15:04 | Research | Horse Collar |
| 15:32 | Research | Horse Collar |
| 15:44 | Age | Castle Age |
| 15:53 | Build | Stable |
| 15:55 | Create | Villager (Male) |
| 15:55 | Create | Villager (Male) |
| 16:39 | Create | Villager (Male) |
| 16:47 | Build | Stable |
| 16:50 | Research | Forging |
| 16:53 | Create | Knight |
| 16:57 | Create | Villager (Male) |
| 16:59 | Build | House |
| 17:08 | Research | Gold Mining |
| 17:24 | Build | House |
| 17:35 | Create | Knight |
| 17:41 | Build | House |
| 17:49 | Create | Villager (Male) |
| 18:04 | Create | Knight |
| 18:04 | Create | Knight |
| 18:08 | Research | Iron Casting |
| 18:15 | Build | Mining Camp |
| 18:17 | Create | Villager (Male) |
| 18:17 | Create | Villager (Male) |
| 18:25 | Build | Farm |
| 18:40 | Research | Husbandry |
| 18:42 | Research | Scale Barding Armor |
| 18:51 | Build | Farm |
| 19:10 | Research | Bloodlines |
| 19:24 | Create | Villager (Male) |
| 19:25 | Create | Villager (Male) |
| 19:25 | Create | Villager (Male) |
| 19:38 | Build | House |
| 19:44 | Build | House |
| 20:05 | Build | Town Center |
| 20:11 | Create | Villager (Male) |
| 20:19 | Create | Knight |
| 20:25 | Create | Knight |
| 20:26 | Create | Knight |
| 20:58 | Create | Knight |
| 21:26 | Create | Knight |
| 21:26 | Create | Knight |
| 21:45 | Create | Villager (Male) |
| 21:47 | Create | Villager (Male) |
| 22:17 | Research | Chain Barding Armor |
| 22:23 | Build | Farm |
| 22:29 | Build | Mill |
| 22:31 | Create | Villager (Male) |
| 22:32 | Create | Villager (Male) |
| 22:32 | Create | Villager (Male) |
| 22:33 | Create | Villager (Male) |
| 23:17 | Create | Villager (Male) |
| 23:17 | Create | Villager (Male) |
| 23:18 | Create | Villager (Male) |
| 23:18 | Create | Villager (Male) |
| 23:19 | Create | Villager (Male) |
| 23:20 | Create | Villager (Male) |
| 23:20 | Create | Villager (Male) |
| 23:25 | Build | House |
| 23:26 | Build | House |
| 24:08 | Build | Farm |
| 24:08 | Build | Farm |
| 24:11 | Build | Farm |
| 24:12 | Build | Farm |
| 24:13 | Build | Farm |
| 24:13 | Build | Farm |
| 24:15 | Build | Farm |
| 24:16 | Build | Farm |
| 24:34 | Build | Farm |
| 24:39 | Build | Farm |
| 24:40 | Build | Farm |
| 24:48 | Create | Villager (Male) |
| 24:48 | Create | Villager (Male) |
| 24:49 | Create | Villager (Male) |
| 24:50 | Research | Wheelbarrow |
| 24:57 | Build | Farm |
| 24:57 | Build | Farm |
| 24:58 | Create | Villager (Male) |
| 24:59 | Create | Villager (Male) |
| 25:09 | Create | Villager (Male) |
| 25:09 | Create | Villager (Male) |
| 25:17 | Build | Farm |
| 25:44 | Build | House |
| 25:48 | Create | Villager (Male) |
| 25:48 | Create | Villager (Male) |
| 25:48 | Create | Villager (Male) |
| 26:44 | Create | Knight |
| 26:44 | Create | Knight |
| 27:03 | Build | Mill |
| 27:11 | Build | Farm |
| 27:13 | Build | Farm |
| 27:14 | Build | Farm |
| 27:15 | Create | Villager (Male) |
| 27:15 | Create | Villager (Male) |
| 27:16 | Create | Villager (Male) |
| 27:16 | Create | Villager (Male) |
Build order — Weolex
First 150 of 384 actions detected
| 0:01 | Create | Villager (Male) |
| 0:01 | Create | Villager (Male) |
| 0:01 | Create | Villager (Male) |
| 0:04 | Build | House |
| 0:05 | Build | House |
| 0:23 | Create | Villager (Male) |
| 1:27 | Create | Villager (Male) |
| 1:28 | Create | Villager (Male) |
| 1:51 | Build | Lumber Camp |
| 2:06 | Create | Villager (Male) |
| 2:27 | Create | Villager (Male) |
| 3:17 | Create | Villager (Male) |
| 3:17 | Create | Villager (Male) |
| 3:17 | Create | Villager (Male) |
| 3:47 | Create | Villager (Male) |
| 4:01 | Create | Villager (Male) |
| 4:16 | Build | Mill |
| 4:31 | Create | Villager (Male) |
| 5:04 | Create | Villager (Male) |
| 5:34 | Create | Villager (Male) |
| 6:07 | Build | Mill |
| 6:17 | Create | Villager (Male) |
| 6:17 | Create | Villager (Male) |
| 6:28 | Create | Villager (Male) |
| 7:05 | Build | House |
| 7:09 | Build | House |
| 7:10 | Create | Villager (Male) |
| 7:10 | Create | Villager (Male) |
| 7:41 | Build | Mining Camp |
| 8:14 | Create | Villager (Male) |
| 8:14 | Create | Villager (Male) |
| 8:14 | Create | Villager (Male) |
| 9:47 | Research | Feudal Age |
| 11:24 | Build | Farm |
| 11:27 | Create | Villager (Male) |
| 11:28 | Create | Villager (Male) |
| 11:56 | Age | Feudal Age |
| 11:59 | Build | Market |
| 12:02 | Build | Blacksmith |
| 12:49 | Research | Castle Age |
| 12:57 | Research | Horse Collar |
| 13:01 | Build | Farm |
| 13:11 | Build | Farm |
| 13:14 | Build | Farm |
| 13:32 | Research | Double-Bit Axe |
| 13:47 | Build | Farm |
| 14:18 | Build | Farm |
| 14:22 | Build | Farm |
| 14:37 | Build | Farm |
| 14:51 | Create | Villager (Male) |
| 14:51 | Create | Villager (Male) |
| 15:09 | Research | Stone Mining |
| 15:29 | Age | Castle Age |
| 16:18 | Build | Town Center |
| 16:42 | Create | Villager (Male) |
| 16:43 | Create | Villager (Male) |
| 16:43 | Create | Villager (Male) |
| 17:05 | Create | Villager (Male) |
| 17:05 | Create | Villager (Male) |
| 17:45 | Create | Villager (Male) |
| 17:45 | Create | Villager (Male) |
| 17:46 | Create | Villager (Male) |
| 17:54 | Build | Town Center |
| 18:19 | Build | House |
| 18:23 | Build | House |
| 18:24 | Build | House |
| 18:25 | Build | House |
| 18:27 | Build | House |
| 18:29 | Build | House |
| 18:30 | Build | House |
| 18:32 | Build | House |
| 18:32 | Build | House |
| 18:32 | Build | House |
| 18:33 | Build | House |
| 18:33 | Build | House |
| 18:33 | Build | House |
| 18:33 | Build | House |
| 18:34 | Build | House |
| 18:34 | Build | House |
| 18:34 | Build | House |
| 18:37 | Create | Villager (Male) |
| 18:37 | Create | Villager (Male) |
| 18:37 | Create | Villager (Male) |
| 18:38 | Create | Villager (Male) |
| 19:31 | Create | Villager (Male) |
| 19:31 | Create | Villager (Male) |
| 19:31 | Create | Villager (Male) |
| 19:32 | Create | Villager (Male) |
| 19:32 | Create | Villager (Male) |
| 19:32 | Create | Villager (Male) |
| 19:32 | Create | Villager (Male) |
| 19:33 | Create | Villager (Male) |
| 19:33 | Create | Villager (Male) |
| 19:45 | Create | Villager (Male) |
| 19:45 | Create | Villager (Male) |
| 19:52 | Research | Bow Saw |
| 20:10 | Build | Mill |
| 20:33 | Build | Farm |
| 20:34 | Build | Farm |
| 20:34 | Build | Farm |
| 20:34 | Build | Farm |
| 20:36 | Build | Farm |
| 20:38 | Build | Farm |
| 20:48 | Research | Heavy Plow |
| 20:51 | Create | Villager (Male) |
| 21:06 | Create | Villager (Male) |
| 21:22 | Build | Castle |
| 21:28 | Research | Loom |
| 21:31 | Research | Wheelbarrow |
| 21:32 | Research | Town Watch |
| 21:59 | Build | Mill |
| 22:01 | Build | Farm |
| 22:01 | Build | Farm |
| 22:01 | Build | Farm |
| 22:02 | Build | Farm |
| 22:03 | Build | Farm |
| 22:07 | Build | Farm |
| 22:07 | Build | Farm |
| 22:16 | Build | Farm |
| 22:21 | Build | Lumber Camp |
| 23:10 | Create | Villager (Male) |
| 23:11 | Create | Villager (Male) |
| 23:11 | Create | Villager (Male) |
| 23:11 | Create | Villager (Male) |
| 23:12 | Create | Villager (Male) |
| 23:12 | Create | Villager (Male) |
| 23:12 | Create | Villager (Male) |
| 23:12 | Create | Villager (Male) |
| 23:13 | Create | Villager (Male) |
| 23:17 | Build | Farm |
| 23:18 | Build | Farm |
| 23:28 | Build | Mill |
| 24:24 | Build | Castle |
| 24:28 | Build | Gate |
| 24:34 | Build | Stone Wall |
| 24:38 | Build | Stone Wall |
| 25:01 | Create | Villager (Male) |
| 25:01 | Create | Villager (Male) |
| 25:02 | Create | Villager (Male) |
| 25:02 | Create | Villager (Male) |
| 25:12 | Create | Villager (Male) |
| 25:12 | Create | Villager (Male) |
| 25:13 | Create | Villager (Male) |
| 25:13 | Create | Villager (Male) |
| 25:13 | Create | Villager (Male) |
| 25:24 | Create | Villager (Male) |
| 25:24 | Create | Villager (Male) |
| 25:25 | Create | Villager (Male) |
| 25:50 | Create | Villager (Male) |
| 25:50 | Create | Villager (Male) |
Build order — Haniek!!
First 150 of 230 actions detected
| 0:03 | Build | House |
| 0:04 | Build | House |
| 0:05 | Create | Villager (Male) ×4 |
| 0:05 | Create | Villager (Male) ×4 |
| 1:33 | Create | Villager (Male) |
| 1:57 | Create | Villager (Male) |
| 1:58 | Create | Villager (Male) |
| 2:46 | Create | Villager (Male) |
| 2:47 | Create | Villager (Male) |
| 2:47 | Create | Villager (Male) |
| 2:47 | Create | Villager (Male) |
| 3:20 | Build | Lumber Camp |
| 3:34 | Create | Villager (Male) |
| 3:35 | Create | Villager (Male) |
| 3:46 | Create | Villager (Male) |
| 4:04 | Create | Villager (Male) |
| 4:34 | Build | House |
| 4:42 | Research | Loom |
| 4:43 | Create | Villager (Male) |
| 4:58 | Create | Villager (Male) |
| 5:48 | Build | Mill |
| 6:15 | Create | Villager (Male) |
| 6:28 | Research | Feudal Age |
| 6:29 | Research | Feudal Age |
| 6:56 | Build | House |
| 7:29 | Build | Mining Camp |
| 8:18 | Create | Villager (Male) |
| 8:18 | Create | Villager (Male) |
| 8:18 | Create | Villager (Male) |
| 8:38 | Age | Feudal Age |
| 9:05 | Build | Watch Tower |
| 9:40 | Create | Villager (Male) |
| 9:40 | Create | Villager (Male) |
| 9:41 | Create | Villager (Male) |
| 10:31 | Build | Blacksmith |
| 10:54 | Build | House |
| 11:31 | Build | Watch Tower |
| 12:03 | Create | Villager (Male) |
| 12:03 | Create | Villager (Male) |
| 12:04 | Create | Villager (Male) |
| 12:04 | Create | Villager (Male) |
| 12:08 | Research | Fletching |
| 12:31 | Build | Watch Tower |
| 13:20 | Build | Mining Camp |
| 14:00 | Research | Double-Bit Axe |
| 14:19 | Build | Watch Tower |
| 14:31 | Build | House |
| 15:11 | Build | Stone Wall |
| 15:19 | Build | Stone Wall |
| 15:23 | Build | Stone Wall |
| 15:24 | Build | Stone Wall |
| 15:30 | Build | Stone Wall |
| 15:36 | Build | Stone Wall |
| 15:44 | Build | Stone Wall |
| 16:12 | Build | Watch Tower |
| 16:17 | Research | Wheelbarrow |
| 16:24 | Build | Farm |
| 16:24 | Build | Farm |
| 16:25 | Build | Farm |
| 16:25 | Build | Farm |
| 16:59 | Create | Villager (Male) |
| 17:00 | Create | Villager (Male) |
| 17:32 | Build | Watch Tower |
| 19:26 | Build | Barracks |
| 19:32 | Build | Mining Camp |
| 19:34 | Create | Villager (Male) |
| 19:34 | Create | Villager (Male) |
| 19:35 | Create | Villager (Male) |
| 19:35 | Create | Villager (Male) |
| 20:45 | Build | Market |
| 21:20 | Create | Villager (Male) |
| 21:21 | Create | Villager (Male) |
| 21:21 | Create | Villager (Male) |
| 21:31 | Build | Farm |
| 21:32 | Build | Farm |
| 21:38 | Build | Farm |
| 23:02 | Research | Castle Age |
| 23:39 | Build | Barracks |
| 24:52 | Build | Archery Range |
| 25:07 | Build | Barracks |
| 25:16 | Build | House |
| 25:17 | Build | House |
| 25:17 | Build | House |
| 25:17 | Build | House |
| 25:18 | Build | House |
| 25:25 | Build | Farm |
| 25:30 | Create | Villager (Male) ×5 |
| 25:42 | Age | Castle Age |
| 25:59 | Build | Town Center |
| 26:15 | Research | Pikeman (upgrade) |
| 26:16 | Research | Squires |
| 26:21 | Research | Forging |
| 27:28 | Create | Villager (Male) ×3 |
| 27:45 | Build | Farm |
| 27:45 | Build | Farm |
| 27:46 | Build | Farm |
| 27:46 | Build | Farm |
| 27:54 | Build | Farm |
| 27:55 | Build | Farm |
| 27:55 | Build | Farm |
| 27:55 | Build | Farm |
| 28:07 | Build | Mill |
| 28:09 | Build | Farm |
| 28:09 | Build | Farm |
| 28:09 | Build | Farm |
| 28:15 | Build | Farm |
| 28:15 | Build | Farm |
| 28:34 | Create | Villager (Male) |
| 28:35 | Create | Villager (Male) |
| 28:35 | Create | Villager (Male) |
| 28:36 | Create | Villager (Male) |
| 28:45 | Build | Farm |
| 29:52 | Create | Spearman ×5 |
| 29:52 | Create | Spearman ×5 |
| 29:53 | Create | Spearman ×2 |
| 29:59 | Build | House |
| 30:06 | Build | House |
| 30:06 | Build | House |
| 30:06 | Build | House |
| 30:07 | Build | House |
| 30:09 | Build | House |
| 30:10 | Build | House |
| 30:10 | Build | House |
| 30:10 | Build | House |
| 30:14 | Build | House |
| 30:14 | Build | House |
| 30:15 | Build | House |
| 30:15 | Build | House |
| 30:15 | Build | House |
| 30:16 | Build | House |
| 30:16 | Build | House |
| 30:23 | Build | House |
| 30:23 | Build | House |
| 30:23 | Build | House |
| 30:24 | Build | House |
| 30:24 | Build | House |
| 30:25 | Build | House |
| 30:25 | Build | House |
| 30:25 | Build | House |
| 30:25 | Build | House |
| 30:26 | Build | House |
| 30:26 | Build | House |
| 30:27 | Build | House |
| 30:27 | Build | House |
| 30:27 | Build | House |
| 30:28 | Build | House |
| 30:28 | Build | House |
| 30:28 | Build | House |
| 30:29 | Build | House |
| 30:29 | Build | House |
Build order — berpite7
First 150 of 376 actions detected
| 0:03 | Build | House |
| 0:06 | Build | House |
| 0:06 | Create | Villager (Male) |
| 0:06 | Create | Villager (Male) |
| 0:07 | Create | Villager (Male) |
| 0:07 | Create | Villager (Male) |
| 0:07 | Create | Villager (Male) |
| 1:53 | Build | Lumber Camp |
| 1:54 | Create | Villager (Male) |
| 1:54 | Create | Villager (Male) |
| 1:54 | Create | Villager (Male) |
| 2:31 | Create | Villager (Male) |
| 3:02 | Create | Villager (Male) |
| 3:02 | Create | Villager (Male) |
| 3:03 | Create | Villager (Male) |
| 3:16 | Build | House |
| 3:18 | Build | House |
| 3:37 | Create | Villager (Male) |
| 4:02 | Create | Villager (Male) |
| 4:42 | Create | Villager (Male) |
| 4:46 | Create | Villager (Male) |
| 4:55 | Build | Mill |
| 5:43 | Create | Villager (Male) |
| 5:43 | Create | Villager (Male) |
| 5:43 | Create | Villager (Male) |
| 6:29 | Create | Villager (Male) |
| 6:40 | Build | Mining Camp |
| 6:56 | Create | Villager (Male) |
| 7:14 | Create | Villager (Male) |
| 7:30 | Build | Mill |
| 7:51 | Create | Villager (Male) |
| 7:56 | Research | Feudal Age |
| 8:40 | Create | Villager (Male) |
| 8:40 | Create | Villager (Male) |
| 9:44 | Build | House |
| 10:06 | Age | Feudal Age |
| 10:14 | Create | Villager (Male) |
| 10:28 | Build | Market |
| 10:59 | Build | Blacksmith |
| 11:09 | Research | Loom |
| 11:36 | Research | Castle Age |
| 11:39 | Build | House |
| 12:03 | Build | House |
| 12:18 | Build | House |
| 13:18 | Build | Mining Camp |
| 14:16 | Age | Castle Age |
| 14:20 | Research | Stone Mining |
| 14:24 | Create | Villager (Male) |
| 14:24 | Create | Villager (Male) |
| 15:09 | Create | Villager (Male) |
| 15:29 | Create | Villager (Male) |
| 16:05 | Build | Town Center |
| 16:16 | Create | Villager (Male) |
| 16:17 | Create | Villager (Male) |
| 16:40 | Create | Villager (Male) |
| 17:05 | Build | Castle |
| 17:54 | Create | Villager (Male) |
| 17:55 | Create | Villager (Male) |
| 18:18 | Create | Villager (Male) |
| 18:19 | Create | Villager (Male) |
| 18:48 | Build | Farm |
| 18:48 | Build | Farm |
| 18:49 | Build | Farm |
| 18:49 | Build | Farm |
| 18:49 | Build | Farm |
| 18:50 | Build | Farm |
| 18:50 | Build | Farm |
| 18:50 | Build | Farm |
| 19:03 | Build | Siege Workshop |
| 19:15 | Build | Farm |
| 19:37 | Build | Farm |
| 20:08 | Create | Villager (Male) |
| 20:13 | Build | Farm |
| 20:54 | Build | Castle |
| 21:09 | Create | Villager (Male) |
| 21:10 | Create | Villager (Male) |
| 21:11 | Create | Villager (Male) |
| 21:38 | Create | Villager (Male) |
| 21:38 | Create | Villager (Male) |
| 21:44 | Build | Farm |
| 21:46 | Build | Farm |
| 22:54 | Create | Villager (Male) |
| 22:54 | Create | Villager (Male) |
| 22:54 | Create | Villager (Male) |
| 22:55 | Create | Villager (Male) |
| 22:55 | Create | Villager (Male) |
| 22:57 | Build | Farm |
| 22:58 | Build | Farm |
| 23:00 | Create | Villager (Male) |
| 23:21 | Build | Mining Camp |
| 23:24 | Create | Villager (Male) |
| 23:28 | Create | Villager (Male) |
| 23:34 | Build | Farm |
| 23:44 | Create | Villager (Male) |
| 23:48 | Create | Villager (Male) |
| 23:55 | Build | Farm |
| 23:58 | Build | Farm |
| 24:14 | Build | Mill |
| 24:17 | Build | Farm |
| 24:20 | Research | Horse Collar |
| 24:26 | Create | Villager (Male) |
| 24:30 | Create | Villager (Male) |
| 24:43 | Create | Villager (Male) |
| 24:45 | Create | Villager (Male) |
| 24:54 | Create | Genoese Crossbowman |
| 25:05 | Research | Double-Bit Axe |
| 25:29 | Build | Farm |
| 25:52 | Create | Villager (Male) |
| 25:54 | Create | Villager (Male) |
| 26:03 | Build | Town Center |
| 26:05 | Create | Villager (Male) |
| 26:05 | Create | Villager (Male) |
| 26:06 | Create | Villager (Male) |
| 26:19 | Research | Gold Mining |
| 26:21 | Create | Villager (Male) |
| 26:23 | Create | Villager (Male) |
| 26:31 | Build | Farm |
| 26:54 | Create | Villager (Male) |
| 26:55 | Create | Villager (Male) |
| 27:00 | Build | Farm |
| 27:02 | Create | Villager (Male) |
| 27:04 | Create | Villager (Male) |
| 27:27 | Create | Mangonel |
| 27:38 | Build | Farm |
| 27:42 | Create | Villager (Male) |
| 27:42 | Create | Villager (Male) |
| 27:43 | Create | Villager (Male) |
| 27:51 | Create | Villager (Male) |
| 27:51 | Create | Villager (Male) |
| 28:01 | Build | Farm |
| 28:01 | Build | Farm |
| 28:02 | Build | Farm |
| 28:02 | Build | Farm |
| 28:08 | Research | Heavy Plow |
| 28:17 | Create | Genoese Crossbowman |
| 28:18 | Create | Genoese Crossbowman |
| 28:30 | Create | Villager (Male) |
| 28:32 | Create | Villager (Male) |
| 28:32 | Create | Villager (Male) |
| 29:00 | Create | Mangonel |
| 29:05 | Create | Villager (Male) |
| 29:50 | Create | Villager (Male) |
| 29:52 | Create | Villager (Male) |
| 29:53 | Create | Villager (Male) |
| 29:55 | Research | Wheelbarrow |
| 30:10 | Build | Farm |
| 30:13 | Build | Farm |
| 31:00 | Create | Villager (Male) |
| 31:02 | Create | Villager (Male) |
| 31:04 | Create | Villager (Male) |
Build order — 歪瑞古德
First 150 of 187 actions detected
| 0:05 | Create | Villager (Male) ×4 |
| 1:23 | Create | Villager (Male) |
| 2:07 | Create | Villager (Male) ×2 |
| 2:41 | Create | Villager (Male) |
| 2:44 | Build | Mill |
| 3:01 | Create | Villager (Male) |
| 3:47 | Create | Villager (Male) ×3 |
| 4:24 | Create | Villager (Male) |
| 4:25 | Create | Villager (Male) |
| 5:48 | Create | Villager (Male) |
| 5:48 | Create | Villager (Male) |
| 6:31 | Create | Villager (Male) |
| 6:57 | Create | Villager (Male) |
| 7:28 | Build | Mining Camp |
| 7:33 | Create | Villager (Male) |
| 8:05 | Create | Villager (Male) |
| 8:42 | Research | Feudal Age |
| 9:23 | Build | Lumber Camp |
| 10:22 | Create | Villager (Male) |
| 10:37 | Build | Mill |
| 10:49 | Create | Villager (Male) |
| 10:52 | Age | Feudal Age |
| 11:02 | Build | Market |
| 12:00 | Build | Blacksmith |
| 12:04 | Create | Villager (Male) |
| 12:09 | Build | Farm |
| 12:33 | Build | Farm |
| 12:37 | Research | Castle Age |
| 13:36 | Build | Mining Camp |
| 14:14 | Research | Horse Collar |
| 14:20 | Research | Double-Bit Axe |
| 14:27 | Build | Farm |
| 14:28 | Build | Farm |
| 15:05 | Create | Villager (Male) |
| 15:17 | Age | Castle Age |
| 15:40 | Create | Villager (Male) |
| 15:40 | Create | Villager (Male) |
| 15:49 | Build | Town Center |
| 16:18 | Build | Farm |
| 16:21 | Create | Villager (Male) |
| 16:53 | Create | Villager (Male) |
| 16:55 | Create | Villager (Male) |
| 17:01 | Build | Farm |
| 17:32 | Create | Villager (Male) ×5 |
| 17:32 | Create | Villager (Male) |
| 17:41 | Build | Farm |
| 17:50 | Build | Farm |
| 17:56 | Create | Villager (Male) ×2 |
| 18:05 | Build | Barracks |
| 19:03 | Build | Farm |
| 19:04 | Build | Farm |
| 19:05 | Build | Farm |
| 19:11 | Build | Farm |
| 19:13 | Build | Farm |
| 19:28 | Build | Castle |
| 19:51 | Build | Stable |
| 20:12 | Build | Farm |
| 20:23 | Research | Forging |
| 20:24 | Research | Scale Barding Armor |
| 21:19 | Create | Tarkan ×5 |
| 21:20 | Create | Tarkan ×5 |
| 21:20 | Create | Tarkan |
| 22:39 | Create | Tarkan ×4 |
| 24:14 | Build | Siege Workshop |
| 24:34 | Create | Battering Ram |
| 24:34 | Create | Battering Ram |
| 24:34 | Create | Battering Ram |
| 24:41 | Build | Siege Workshop |
| 24:58 | Research | Wheelbarrow |
| 24:59 | Research | Town Watch |
| 25:00 | Research | Loom |
| 25:02 | Research | Heavy Plow |
| 25:04 | Research | Gold Mining |
| 25:18 | Build | Barracks |
| 26:01 | Build | Stable |
| 26:03 | Build | Stable |
| 26:05 | Build | Stable |
| 26:14 | Research | Man-at-Arms (upgrade) |
| 26:17 | Research | Arson |
| 26:17 | Research | Squires |
| 26:19 | Create | Militia |
| 26:19 | Create | Militia |
| 26:19 | Create | Militia |
| 26:19 | Create | Militia |
| 26:20 | Create | Militia |
| 26:20 | Create | Militia |
| 27:10 | Create | Battering Ram |
| 27:10 | Create | Battering Ram |
| 27:19 | Build | Monastery |
| 27:38 | Create | Villager (Male) ×5 |
| 27:51 | Create | Monk |
| 27:57 | Build | Lumber Camp |
| 28:19 | Create | Tarkan |
| 28:44 | Create | Battering Ram |
| 29:09 | Create | Battering Ram |
| 30:07 | Create | Battering Ram |
| 30:07 | Create | Battering Ram |
| 30:29 | Create | Tarkan |
| 31:05 | Create | Tarkan ×2 |
| 31:27 | Create | Battering Ram |
| 31:27 | Create | Battering Ram |
| 33:03 | Create | Battering Ram ×4 |
| 33:31 | Create | Tarkan ×2 |
| 34:44 | Create | Tarkan ×4 |
| 34:44 | Create | Tarkan |
| 34:45 | Create | Tarkan |
| 34:52 | Build | Farm |
| 34:53 | Build | Farm |
| 35:02 | Build | Town Center |
| 35:06 | Research | Hand Cart |
| 36:53 | Create | Villager (Male) ×5 |
| 36:54 | Create | Villager (Male) ×5 |
| 36:54 | Create | Villager (Male) ×5 |
| 36:55 | Create | Villager (Male) ×5 |
| 36:55 | Create | Villager (Male) ×5 |
| 36:55 | Create | Villager (Male) ×5 |
| 36:56 | Create | Villager (Male) ×5 |
| 36:57 | Create | Villager (Male) ×5 |
| 36:57 | Create | Villager (Male) ×5 |
| 36:57 | Create | Villager (Male) ×5 |
| 37:05 | Build | Town Center |
| 37:32 | Research | Gold Shaft Mining |
| 37:54 | Build | Stone Wall |
| 38:02 | Build | Stone Wall |
| 38:10 | Create | Villager (Male) ×5 |
| 38:29 | Research | Marauders |
| 38:58 | Build | Farm |
| 38:59 | Build | Farm |
| 39:00 | Build | Farm |
| 39:01 | Build | Farm |
| 39:02 | Build | Farm |
| 39:03 | Build | Farm |
| 39:07 | Build | Farm |
| 39:10 | Build | Farm |
| 39:37 | Build | Stable |
| 39:38 | Build | Stable |
| 39:39 | Build | Stable |
| 39:42 | Build | Stable |
| 39:43 | Build | Stable |
| 39:44 | Build | Stable |
| 40:00 | Research | Bloodlines |
| 40:00 | Research | Husbandry |
| 40:25 | Research | Imperial Age |
| 40:36 | Build | University |
| 40:41 | Build | Farm |
| 40:43 | Build | Farm |
| 40:44 | Build | Farm |
| 40:45 | Build | Farm |
| 40:50 | Build | Farm |
| 41:14 | Research | Town Patrol |
Match timeline
| 8:38 | Haniek!! · age_up feudal |
| 10:06 | berpite7 · age_up feudal |
| 10:52 | 歪瑞古德 · age_up feudal |
| 11:28 | BS | DESTRAKER · age_up feudal |
| 11:35 | berpite7 · first_market_sell 100 food |
| 11:46 | stanny · age_up feudal |
| 11:56 | Weolex · age_up feudal |
| 12:07 | Peak · age_up feudal |
| 12:38 | Logy · age_up feudal |
| 13:22 | Logy · first_building Barracks |
| 14:16 | berpite7 · age_up castle |
| 14:25 | Peak · first_building Barracks |
| 15:11 | Haniek!! · wall_segment Stone Wall x3 |
| 15:16 | stanny · age_up castle |
| 15:17 | 歪瑞古德 · age_up castle |
| 15:19 | Haniek!! · wall_segment Stone Wall x2 |
| 15:23 | Haniek!! · wall_segment Stone Wall x2 |
| 15:24 | Haniek!! · wall_segment Stone Wall x3 |
| 15:29 | Weolex · age_up castle |
| 15:30 | Haniek!! · wall_segment Stone Wall x1 |
| 15:36 | Haniek!! · wall_segment Stone Wall x1 |
| 15:44 | Haniek!! · wall_segment Stone Wall x2 |
| 15:44 | Peak · age_up castle |
| 15:53 | Peak · first_building Stable |
| 15:55 | BS | DESTRAKER · age_up castle |
| 16:00 | stanny · first_building Castle |
| 16:34 | Logy · age_up castle |
| 16:50 | Logy · first_market_buy 100 wood |
| 16:56 | berpite7 · first_market_buy 100 stone |
| 17:05 | berpite7 · first_building Castle |
| 17:11 | BS | DESTRAKER · wall_segment Stone Wall x6 |
| 17:15 | BS | DESTRAKER · wall_segment Stone Wall x9 |
| 17:17 | Peak · first_market_sell 100 food |
| 17:33 | BS | DESTRAKER · wall_segment Stone Wall x1 |
| 17:34 | BS | DESTRAKER · wall_segment Stone Wall x1 |
| 17:50 | stanny · first_building Siege Workshop |
| 18:05 | 歪瑞古德 · first_building Barracks |
| 19:03 | berpite7 · first_building Siege Workshop |
| 19:05 | BS | DESTRAKER · first_market_buy 100 stone |
| 19:07 | BS | DESTRAKER · first_market_sell 100 wood |
| 19:25 | Logy · first_building Siege Workshop |
| 19:26 | Haniek!! · first_building Barracks |
| 19:28 | 歪瑞古德 · first_building Castle |
| 19:51 | 歪瑞古德 · first_building Stable |
| 21:22 | Weolex · first_building Castle |
| 21:37 | BS | DESTRAKER · first_building Castle |
| 21:59 | BS | DESTRAKER · wall_segment Palisade Wall x1 |
| 22:03 | Logy · first_building Castle |
| 22:16 | Haniek!! · first_market_sell 500 stone |
| 22:20 | Haniek!! · first_market_buy 100 food |
| 22:48 | stanny · first_building Barracks |
| 24:14 | 歪瑞古德 · first_building Siege Workshop |
| 24:34 | Weolex · wall_segment Stone Wall x1 |
| 24:38 | Weolex · wall_segment Stone Wall x1 |
| 24:52 | Haniek!! · first_building Archery Range |
| 25:42 | Haniek!! · age_up castle |
| 26:55 | Weolex · tribute_sent a jugador 1 |
| 26:55 | Weolex · tribute_sent a jugador 2 |
| 26:55 | Weolex · tribute_sent a jugador 3 |
| 26:55 | Weolex · tribute_sent a jugador 5 |
| 26:55 | Weolex · tribute_sent a jugador 6 |
| 26:55 | Weolex · tribute_sent a jugador 7 |
| 26:55 | Weolex · tribute_sent a jugador 8 |
| 27:19 | 歪瑞古德 · first_building Monastery |
| 27:23 | Peak · first_market_buy 100 stone |
| 27:33 | Peak · first_building Castle |
| 27:50 | Weolex · first_building Barracks |
| 28:33 | Weolex · first_building Stable |
| 31:24 | Haniek!! · first_building Siege Workshop |
| 31:56 | Weolex · age_up imperial |
| 32:03 | BS | DESTRAKER · first_building Monastery |
| 32:34 | Peak · age_up imperial |
| 33:08 | BS | DESTRAKER · first_building Barracks |
| 33:21 | Weolex · first_building Siege Workshop |
| 34:24 | Weolex · tribute_sent a jugador 1 |
| 34:24 | Weolex · tribute_sent a jugador 2 |
| 34:24 | Weolex · tribute_sent a jugador 3 |
| 34:24 | Weolex · tribute_sent a jugador 5 |
| 34:24 | Weolex · tribute_sent a jugador 6 |
| 34:24 | Weolex · tribute_sent a jugador 7 |
| 34:24 | Weolex · tribute_sent a jugador 8 |
| 35:32 | berpite7 · age_up imperial |
| 36:04 | Logy · age_up imperial |
| 36:05 | Haniek!! · first_building Castle |
| 36:31 | BS | DESTRAKER · first_building Stable |
| 37:21 | berpite7 · wall_segment Stone Wall x1 |
| 37:54 | 歪瑞古德 · wall_segment Stone Wall x4 |
| 38:02 | 歪瑞古德 · wall_segment Stone Wall x13 |
| 38:06 | stanny · age_up imperial |
| 38:35 | berpite7 · first_building Barracks |
| 39:24 | berpite7 · tribute_sent a jugador 1 |
| 39:24 | berpite7 · tribute_sent a jugador 2 |
| 39:24 | berpite7 · tribute_sent a jugador 3 |
| 39:24 | berpite7 · tribute_sent a jugador 4 |
| 39:24 | berpite7 · tribute_sent a jugador 5 |
| 39:24 | berpite7 · tribute_sent a jugador 7 |
| 39:24 | berpite7 · tribute_sent a jugador 8 |
| 42:27 | Haniek!! · resign |
| 43:34 | 歪瑞古德 · age_up imperial |
| 44:29 | Weolex · first_market_sell 100 wood |
[ AI ANALYSIS · 1 CREDIT ]
What really happened in this match?
Wolo.gg analyzes every decision: build order, eco, micro, common mistakes by bracket. Personalized analysis on WhatsApp or Discord in 30 seconds.
Civ guide
Bohemians
Perfil
Jugador #265793